 Dungeon Crawl Stone Soup version 0.29-a0-477-g62b78b4225 (webtiles) character file.

Game seed: 656403096139288822

222 snarfax the Chopper (level 5, -2/67 HPs)
             Began as a Minotaur Berserker on May 24, 2022.
             Was a Believer of Trog.
             Slain by Pikel
             ... wielding a +1 whip of flaming
              (3 damage)
             ... in the Ecumenical Temple.
             The game lasted 00:06:45 (3273 turns).

snarfax the Chopper (Minotaur Berserker)            Turns: 3273, Time: 00:06:46

Health: -2/67      AC: 12    Str: 24    XL:     5   Next: 66%
Magic:  4/4        EV:  7    Int:  4    God:    Trog [**....]
Gold:   123        SH:  5    Dex:  9    Spells: 4/4 levels left

rFire   . . .      SeeInvis .   a - +0 hand axe
rCold   . . .      Faith    .   (no shield)
rNeg    . . .      Spirit   .   s - +0 plate armour
rPois   .          Reflect  +   (helmet restricted)
rElec   .          Harm     .   u - +0 cloak
rCorr   .          Rampage  .   (no gloves)
Will    .....                   (no boots)
Stlth   ..........              t - amulet of reflection
HPRegen 0.21/turn               (no ring)
MPRegen 0.09/turn               (no ring)

@: berserking (expiring), very quick
A: horns 2, retaliatory headbutt
a: Renounce Religion, Berserk, Trog's Hand


You were in the Ecumenical Temple.
You worshipped Trog.
Trog was pleased with you.
You visited 2 branches of the dungeon, and saw 5 of its levels.

You collected 123 gold pieces.

Inventory:

Hand Weapons
 a - a +0 hand axe (weapon)
Missiles
 p - 2 poisoned darts (quivered)
Armour
 b - a +0 animal skin
 e - a +0 leather armour
 j - a +0 ring mail
 k - a +0 scale mail
 s - a +0 plate armour (worn)
 u - a +0 cloak (worn)
Jewellery
 t - an amulet of reflection (around neck)
Scrolls
 f - a scroll of teleportation
 g - 2 scrolls of identify
 i - 2 scrolls of blinking
 m - a scroll of amnesia
 o - a scroll of poison
 r - a scroll of enchant armour
Potions
 c - a potion of brilliance
 h - a potion of resistance
 l - 3 potions of curing
 n - a potion of cancellation
 q - a potion of attraction


   Skills:
 - Level 3.6 Fighting
 + Level 7.8 Axes
 - Level 2.4 Armour
 - Level 2.1 Dodging


You had 4 spell levels left.
You didn't know any spells.
Your spell library was empty.

Dungeon Overview and Level Annotations

Branches:
Dungeon (4/15)             Temple (1/1) D:4

Altars:
Sif Muna

Annotations:
Temple Pikel


Innate Abilities, Weirdness & Mutations

You have a pair of horns on your head.
You reflexively headbutt those who attack you in melee.


Message History

You furiously retaliate!
You headbutt the lemure! You completely miss Pikel.
Pikel is lightly wounded.
You closely miss the lemure. x2; Pikel barely misses you.
The lemure barely misses you. You furiously retaliate!
You headbutt the lemure!
You kill the lemure!
That felt strangely unrewarding.
You block the lemure's attack.
You hit Pikel.
Pikel is moderately wounded.
You slash the lemure!
You kill the lemure!
That felt strangely unrewarding.
You barely miss Pikel. You headbutt Pikel.
Pikel is moderately wounded.
You block Pikel's attack.
You closely miss Pikel.
Pikel is moderately wounded.
You barely miss Pikel. Your headbutt misses Pikel.
Pikel is moderately wounded.
Pikel hits you with a +1 whip of flaming!
* * * LOW HITPOINT WARNING * * *
Pikel burns you.
* * * LOW HITPOINT WARNING * * *
You hit Pikel.
Pikel is moderately wounded.
You closely miss Pikel.
Pikel is moderately wounded.
Pikel hits you with a +1 whip of flaming.
* * * LOW HITPOINT WARNING * * *
Pikel burns you.
* * * LOW HITPOINT WARNING * * *
You hit Pikel but do no damage. You headbutt Pikel!
Pikel is heavily wounded.
Pikel hits you but does no damage.
You hit Pikel.
Pikel is severely wounded.
You hit Pikel. Your headbutt misses Pikel.
Pikel is severely wounded.
Pikel hits you with a +1 whip of flaming.
You die...

####+
####...#
#......#
#.[....#
#.K@..#
#...)).#
#......#
#...###+
+###


You could see Pikel.

Vanquished Creatures
  3 lemures (Temple)
  A hound (Temple)
  2 orc priests (Temple)
  Robin (D:1)
  A gnoll (Temple)
  3 adders
  2 worms
  2 dart slugs
  5 orcs
  4 endoplasms
  2 giant cockroaches
  13 goblins
  8 hobgoblins
  6 kobolds
  2 quokkas
  4 ball pythons
  A bat (D:2)
  3 frilled lizards
  7 rats
70 creatures vanquished.

Vanquished Creatures (others)
  3 plants (D:3)
3 creatures vanquished.

Grand Total: 73 creatures vanquished

Notes
Turn   | Place    | Note
-------+----------+-------------------------------------------
     0 | D:1      | snarfax the Minotaur Berserker began the quest for the Orb.
     0 | D:1      | Reached XP level 1. HP: 19/19 MP: 0/0
   222 | D:1      | Reached skill level 4 in Axes
   231 | D:1      | You fall into a shaft and drop 1 floor!
   259 | D:2      | Found a faded altar of an unknown god.
   321 | D:1      | Reached XP level 2. HP: 19/26 MP: 1/1
   930 | D:2      | Noticed Robin
  1036 | D:1      | Reached skill level 5 in Axes
  1279 | D:1      | Reached XP level 3. HP: 25/31 MP: 2/2
  1281 | D:1      | Reached ** piety under Trog
  1460 | D:1      | Killed Robin
  1789 | D:2      | Found a shimmering blue altar of Sif Muna.
  1895 | D:2      | Reached skill level 6 in Axes
  1895 | D:2      | Reached XP level 4. HP: 39/39 MP: 3/3
  2777 | D:4      | Found a staircase to the Ecumenical Temple.
  2782 | D:4      | Noticed a lemure
  2785 | Temple   | Entered the Ecumenical Temple
  2791 | Temple   | Reached skill level 7 in Axes
  2791 | Temple   | Reached XP level 5. HP: 22/45 MP: 4/4
  2952 | D:4      | Noticed Pikel
  2952 | D:4      | Noticed a lemure
  2952 | D:4      | Noticed a lemure
  2953 | D:4      | Noticed a lemure
  2967 | Temple   | Killed a lemure
  3264 | Temple   | Killed a lemure
  3265 | Temple   | Killed a lemure
  3270 | Temple   | HP: 3/67 [Pikel/+1 whip of flaming (5)]
  3270 | Temple   | HP: 1/67 [Pikel/+1 whip of flaming (2)]
  3273 | Temple   | Slain by Pikel

Illustrated notes

Levels and vault maps discovered:
D:1:      grunt_arrival_lava_bath, layout_basic, corexii_hall_statues_deadend
D:2:      layout_rooms, basic_ecumenical_altar, basic_altar, kennysheep_donut,
          uniq_robin
D:3:      layout_rooms, serial_bayou_pond_d, uniq_natasha
D:4:      layout_cave_pods, minmay_temple_entry_overgrown, serial_bayou_pond_b,
          dreamdust_gnoll_farm, uniq_pikel
Temple:   mainiacjoe_temple_bowtie_tessellation

Skill      XL: |  1  2  3  4 |
---------------+-------------+-----
Axes           | 4 5 6 7 |  7.8
Fighting       | |  3.6
Armour         | |  2.4
Dodging        | |  2.1

Action                   |  1- 3 |  4- 6 || total
-------------------------+-------+-------++-------
Melee: Hand axe          |    77 |    85 ||   162
       Headbutt          |    15 |    15 ||    30
       Punch             |     2 |       ||     2
Invok: Trog's Hand       |       |     1 ||     1
       Berserk           |       |     1 ||     1
  Use: Scroll            |       |    11 ||    11
Armor: Animal skin       |     3 |       ||     3
       Ring mail         |    14 |       ||    14
       Leather armour    |     1 |       ||     1
       Scale mail        |    10 |     3 ||    13
       Plate armour      |       |    62 ||    62
Dodge: Dodged            |    55 |    56 ||   111
Block: Other             |       |    33 ||    33

Table legend: (Time is in decaauts)
 A = Elapsed time spent in this place.
 B = Non-inter-level travel time spent in this place.
 C = Inter-level travel time spent in this place.
 D = Time resting spent in this place.
 E = Time spent auto-exploring this place.
 F = Levels seen in this place.
 G = Mean time per level.
                   A        B        C        D        E       F      G
               +--------+--------+--------+--------+--------+-----+--------+
         Total |   3279 |   3219 |     60 |   1490 |   1187 |   5 |  655.8 |
       Dungeon |   2801 |   2741 |     60 |   1061 |   1187 |   4 |  700.2 |
        Temple |    478 |    478 |      0 |    429 |      0 |   1 |  478.0 |
               +--------+--------+--------+--------+--------+-----+--------+

Top non-repeatable levels by time:
     D:1: 1514 daAuts
     D:2: 629 daAuts
     D:3: 613 daAuts
  Temple: 478 daAuts
     D:4: 44 daAuts
